Map: Frozen Temple

Players

Vattghern - Winner!

  • Race: Protoss Protoss
  • League: Silver

Gracz

  • Race: Terran Terran
  • League: Silver

VOD

Have the link to the VOD?

Description

Time

  • Played on: Sept. 26, 2016, 10:39 a.m.
  • Length: 14:00
Show
View Real Time Build Order
Export as new Build Order

Vattghern Protoss - Winner!

Build Orders:  

Get SALT Encoding   

  12  0:02  Probe (Chrono Boost)  
  13  0:19  Pylon  
  13  0:26  Assimilator  
  13  0:32  Assimilator  
  13  0:39  Probe (Chrono Boost)  
  14  0:51  Gateway  
  14  1:01  Assimilator  
  14  1:13  Pylon  
  14  1:45  Nexus  
  14  1:49  Cybernetics Core  
  14  1:59  Probe (Chrono Boost)  
  15  2:09  Probe (Chrono Boost)  
  16  2:20  Probe (Chrono Boost)  
  17  2:26  Adept  
  19  2:30  Probe (Chrono Boost)  
  20  2:40  Warp Gate  
  20  2:41  Probe (Chrono Boost)  
  21  2:51  Probe (Chrono Boost)  
  22  3:02  Probe (Chrono Boost)  
  22  3:04  Probe (Chrono Boost)  
  25  3:12  Probe (Chrono Boost)  
  25  3:14  Adept, Probe (Chrono Boost)  
  28  3:25  Probe (Chrono Boost)  
  28  3:26  Probe (Chrono Boost)  
  30  3:35  Pylon, Probe (Chrono Boost)  
  30  3:37  Probe (Chrono Boost)  
  32  3:46  Probe (Chrono Boost)  
  32  3:47  Probe (Chrono Boost)  
  34  3:56  Probe (Chrono Boost)  
  34  3:59  Probe (Chrono Boost)  
  36  4:08  Pylon  
  36  4:10  Pylon  
  36  4:14  Gateway x2  
  36  4:18  Gateway  
  36  4:20  Gateway  
  36  4:46  Probe (Chrono Boost)  
  36  4:47  Probe (Chrono Boost)  
  38  4:57  Probe x2 (Chrono Boost)  
  40  5:07  Probe (Chrono Boost)  
  40  5:08  Probe (Chrono Boost)  
  40  5:12  Adept x2  
  40  5:13  Adept x2  
  40  5:14  Adept  
  52  5:18  Probe x2 (Chrono Boost)  
  55  5:28  Probe (Chrono Boost)  
  55  5:29  Probe (Chrono Boost)  
  55  5:30  Assimilator  
  55  5:32  Assimilator  
  56  6:00  Probe (Chrono Boost)  
  57  6:04  Stalker x2  
  57  6:10  Probe (Chrono Boost)  
  62  6:13  Pylon  
  62  6:14  Pylon  
  62  6:15  Pylon  
  62  6:17  Pylon  
  62  6:19  Pylon  
  62  6:22  Probe (Chrono Boost)  
  62  6:25  Pylon  
  61  6:27  Adept x2, Pylon  
  61  6:29  Pylon  
  51  6:45  Adept x3  
  50  6:57  Adept x2  
  50  7:24  Adept x2  
  50  7:25  Adept x3  
  60  7:37  Robotics Facility  
  60  7:44  Gateway  
  60  7:46  Gateway  
  60  7:48  Gateway x2  
  60  7:52  Adept x4  
  60  7:53  Adept  
  70  8:15  Sentry x2  
  70  8:16  Sentry x3  
  83  8:49  Warp Prism  
  83  8:54  Stalker x5  
  83  8:55  Stalker x4  
  99  9:14  Nexus  
  99  9:25  Immortal  
  99  9:27  Probe (Chrono Boost)  
  104  9:38  Probe (Chrono Boost)  
  105  9:44  Adept  
  105  9:45  Adept x6  
  115  9:46  Adept x2  
  115  9:48  Probe (Chrono Boost)  
  124  10:02  Forge x2  
  124  10:06  Forge  
  124  10:10  Pylon  
  124  10:12  Pylon  
  124  10:14  Pylon  
  124  10:17  Pylon  
  124  10:19  Pylon  
  124  10:26  Immortal  
  128  10:44  Protoss Ground Armor Level 1  
  128  10:45  Protoss Shields Level 1, Probe (Chrono Boost)  
  128  10:46  Probe x2 (Chrono Boost)  
  131  10:54  Protoss Ground Weapons Level 1  
  131  10:56  Probe x3 (Chrono Boost)  
  134  11:02  Immortal  
  134  11:06  Probe (Chrono Boost)  
  134  11:07  Probe x2 (Chrono Boost)  
  141  11:18  Probe x2 (Chrono Boost)  
  144  11:19  Probe (Chrono Boost)  
  144  11:30  Probe x2 (Chrono Boost)  
  144  11:31  Probe (Chrono Boost)  
  147  11:36  Twilight Council  
  147  11:37  Immortal  
  115  13:03  Adept  
  115  13:04  Adept x7  
  115  13:05  Adept  
  127  13:48  Stalker x5  
  133  13:49  Stalker x4  
Show
View Real Time Build Order
Export as new Build Order

Gracz Terran 

Build Orders: MMM Bio 

Get SALT Encoding   

  12  0:01  SCV  
  13  0:20  Supply Depot  
  13  0:21  SCV  
  14  0:33  SCV  
  15  0:40  Refinery  
  15  0:45  SCV  
  16  0:50  Barracks  
  16  1:39  Marine  
  17  1:43  Supply Depot  
  17  1:49  SCV  
  18  2:01  SCV  
  19  2:10  Barracks  
  19  2:11  Barracks Tech Lab  
  19  2:19  SCV  
  20  2:25  Barracks  
  20  2:29  Engineering Bay  
  20  2:31  SCV  
  20  2:32  Marauder  
  23  2:45  Orbital Command  
  23  3:09  Command Center  
  23  3:16  Bunker  
  23  3:20  Barracks Tech Lab  
  23  3:21  Barracks Reactor  
  23  3:25  Stimpack  
  23  3:37  Refinery, SCV  
  24  3:47  Marauder  
  26  3:49  SCV  
  27  3:59  Marauder  
  27  4:01  SCV  
  30  4:13  SCV  
  31  4:19  Supply Depot  
  31  4:20  Marauder  
  31  4:22  Supply Depot  
  33  4:25  SCV  
  36  4:31  Marauder  
  36  4:41  Orbital Command  
  36  4:42  Marauder  
  38  4:48  SCV  
  39  4:58  Marine x2  
  41  5:00  SCV  
  41  5:04  Marauder  
  44  5:16  Marine x2  
  44  5:18  SCV x2  
  48  5:29  Marine x2  
  48  5:30  SCV  
  48  5:31  SCV  
  48  5:34  Combat Shields, Marine x2  
  48  5:35  Concussive Shells  
  54  5:40  Terran Infantry Weapons Level 1  
  54  5:44  Engineering Bay  
  54  5:47  Marine x2  
  56  6:00  Factory  
  42  6:49  Marine x2, Marauder x2  
  45  7:07  Marine x2  
  43  7:10  Marauder  
  43  7:11  Marauder  
  45  7:25  Marine  
  44  7:32  Marauder x2  
  48  7:42  Barracks, Starport  
  48  7:48  SCV x2  
  50  8:00  SCV x2  
  52  8:08  Refinery  
  52  8:12  SCV x2  
  54  8:19  Command Center  
  53  8:46  Barracks Tech Lab  
  53  8:50  Medivac  
  55  8:57  Refinery  
  55  8:58  Starport, Terran Infantry Armor Level 1  
  55  9:14  Marine, Marauder x3  
  62  9:21  Marine  
  63  9:30  Starport Reactor  
  63  9:32  Marine  
  63  9:35  Marine x2, Marauder  
  63  9:36  Refinery  
  63  9:37  SCV x2  
  71  9:39  Marine, Orbital Command  
  71  9:46  Starport Reactor  
  71  9:47  Factory Tech Lab  
  71  9:49  SCV x2  
  71  9:50  Marine  
  74  9:53  Marine x2  
  74  9:56  Marine  
  74  9:57  Marine  
  78  10:08  Marine  
  78  10:11  Marine x2  
  78  10:14  Marine x2  
  83  10:25  Marine  
  84  10:28  Marine x2  
  84  10:30  Medivac x2  
  84  10:31  Medivac  
  84  10:32  Marine  
  93  10:39  Marine, Medivac  
  93  10:41  Supply Depot  
  96  10:47  Supply Depot, Marauder x2  
  100  10:50  Supply Depot  
  100  10:57  Marauder  
  100  11:00  Medivac  
  104  11:04  Supply Depot  
  104  11:07  Marine x2  
  106  11:12  Marauder x2  
  110  11:19  Marauder  
  110  11:25  Marine x2  
  114  11:33  SCV, Marauder  
  114  11:34  SCV x2, Marauder  
  121  11:40  Marauder  
  121  11:43  Marine x2  
  125  11:55  Marauder x2  
  125  12:01  Marine  
  130  12:02  Marauder  
  119  12:16  Marauder x2  
  83  12:37  Marine x5  
  86  12:54  Marine  
  86  12:55  Marine x4  
  58  13:12  Marine  
  58  13:13  Marine x4  
  58  13:18  Siege Tank  
  43  13:30  Marine  
  43  13:31  Marine x3  
Tags
 
Add a new tag
Caveats
  • Supply blocks, unpowered buildings, or Contaminate may cause inaccurate times.
  • Supply counts are checked every 10 seconds.